Map: Dusty Gorge

Players

Throwfordays

  • Race: Zerg Zerg
  • League: Silver
  • Spawn Location: 11:00

Faust

  • Race: Zerg Zerg
  • League: Diamond
  • Spawn Location: 9:00

pooder - Winner!

  • Race: Protoss Protoss
  • Spawn Location: 5:00

roofus - Winner!

  • Race: Terran Terran
  • Spawn Location: 3:00

VOD

Have the link to the VOD?

Description

Time

  • Played on: March 11, 2019, 10:16 p.m.
  • Length: 20:44
Show
View Real Time Build Order
Export as new Build Order

Throwfordays Zerg 

Build Orders: Hatch First 

Get SALT Encoding   

  12  0:01  Drone  
  13  0:09  Drone  
  14  0:18  Overlord  
  14  0:46  Drone  
  14  0:49  Drone  
  16  0:50  Hatchery  
  16  0:55  Drone  
  16  0:59  Drone  
  17  1:15  Spawning Pool  
  17  1:17  Drone  
  17  1:24  Drone  
  18  1:29  Extractor  
  18  1:31  Drone  
  18  1:41  Drone  
  19  1:57  Drone  
  20  2:01  Queen  
  20  2:04  Drone  
  20  2:06  Queen  
  25  2:10  Drone  
  25  2:13  Overlord  
  27  2:15  Drone  
  27  2:21  Evolution Chamber  
  26  2:26  Zergling x2  
  27  2:33  Metabolic Boost  
  27  2:36  Drone x2  
  29  2:51  Extractor, Drone x2  
  28  2:57  Drone x2  
  32  3:00  Overlord  
  33  3:12  Drone  
  33  3:13  Drone x2  
  35  3:21  Zergling x4  
  35  3:23  Drone  
  35  3:24  Drone  
  35  3:26  Drone  
  35  3:27  Drone x2  
  42  3:34  Zerg Melee Weapons Level 1  
  42  3:36  Overlord  
  42  3:44  Evolution Chamber  
  42  3:47  Drone x2  
  43  3:51  Drone  
  43  3:54  Overlord  
  44  4:02  Zergling x6  
  47  4:06  Drone x3  
  47  4:07  Drone  
  51  4:10  Extractor  
  51  4:11  Extractor  
  49  4:19  Zerg Missile Weapons Level 1, Roach Warren  
  48  4:42  Spore Crawler  
  48  4:45  Drone x2  
  48  4:46  Spore Crawler  
  48  4:47  Drone x2  
  48  4:51  Drone x2  
  52  4:52  Queen  
  52  4:55  Drone  
  52  4:56  Drone  
  52  4:59  Drone x3  
  59  5:08  Spore Crawler  
  59  5:09  Spore Crawler  
  57  5:16  Queen  
  57  5:20  Drone  
  60  5:23  Overlord  
  60  5:25  Overlord x3  
  60  5:49  Zergling x2  
  62  5:50  Zergling x4  
  62  5:58  Zergling x8  
  62  6:01  Zerg Ground Armor Level 1  
  66  6:33  Drone x5  
  66  6:37  Hatchery  
  66  6:38  Lair  
  70  6:44  Drone x2  
  72  7:11  Zergling x2, Baneling Nest  
  72  7:12  Zergling x10  
  68  7:51  Drone x5  
  70  7:52  Drone  
  70  7:54  Queen  
  70  7:56  Drone  
  77  7:59  Drone x2  
  77  8:00  Drone x7  
  77  8:01  Drone  
  87  8:17  Spore Crawler  
  79  8:27  Overseer  
  80  8:35  Spore Crawler  
  80  8:39  Spine Crawler  
  75  8:52  Pneumatized Carapace  
  73  9:15  Hatchery  
  72  9:22  Drone x2  
  72  9:23  Drone x5  
  79  9:32  Hydralisk Den  
  79  9:33  Drone x2  
  79  9:34  Drone  
  79  9:36  Zerg Melee Weapons Level 2  
  81  9:39  Zerg Missile Weapons Level 2  
  81  9:53  Extractor  
  81  9:54  Extractor  
  81  9:57  Drone x3  
  82  10:04  Centrifical Hooks  
  82  10:05  Spire  
  82  10:06  Grooved Spines  
  81  10:12  Spire  
  80  10:17  Nydus Network  
  79  10:31  Infestation Pit  
  78  10:40  Zergling x4  
  78  10:41  Zergling x12  
  86  10:44  Zergling x10  
  86  10:45  Zergling x2  
  91  11:07  Hive  
  91  11:09  Drone x2  
  91  11:10  Drone  
  91  11:11  Queen  
  94  11:18  Muscular Augments  
  88  11:28  Mutalisk x3  
  94  11:34  Corruptor x2  
  98  11:42  Overlord x3  
  98  11:45  Overlord  
  98  11:58  Overlord x2  
  98  12:06  Corruptor x2  
  102  12:09  Corruptor x3  
  102  12:12  Corruptor x3  
  102  12:13  Corruptor x2  
  118  12:24  Mutalisk  
  106  13:07  Zergling x6  
  106  13:08  Zergling x2  
  106  13:10  Zergling x8  
  62  13:54  Zergling x6  
  48  13:57  Zergling x2  
  48  13:58  Zergling x8  
  48  14:02  Spawning Pool  
  31  14:26  Overlord x3  
  31  14:36  Hatchery  
  21  14:45  Zergling x4  
  21  14:46  Zergling x2  
  22  15:08  Drone x2  
  22  15:09  Drone  
  25  15:36  Hatchery  
  24  15:46  Drone x3  
  24  15:47  Drone x3  
  30  15:52  Drone  
  30  15:53  Queen  
  30  15:56  Lair  
  33  15:59  Drone  
  34  16:15  Drone x2  
  34  16:16  Drone x2  
  38  16:23  Drone x3  
  41  16:37  Drone  
  42  16:40  Extractor  
  42  16:42  Extractor  
  42  16:46  Drone x3  
  43  16:51  Drone  
  43  16:53  Queen  
  46  16:58  Drone x3  
  49  17:05  Roach Warren  
  49  17:07  Baneling Nest  
  47  17:10  Evolution Chamber  
  47  17:11  Drone  
  47  17:16  Evolution Chamber  
  47  17:22  Infestation Pit  
  45  17:24  Zergling x2  
  43  17:30  Zergling x6  
  44  17:37  Zergling x8  
  44  17:39  Zerg Ground Armor Level 2  
  48  17:44  Glial Reconstitution  
  48  17:48  Zergling x2  
  49  17:57  Zergling x2  
  50  18:02  Zergling x10  
  55  18:06  Zergling x4  
  55  18:07  Zergling x2  
  57  18:17  Spire  
  57  18:18  Spire  
  55  18:21  Hydralisk Den  
  55  18:24  Nydus Network  
  55  18:26  Zergling x4  
  55  18:32  Drone x2  
  55  18:33  Drone  
  58  18:34  Drone x2  
  58  18:35  Drone  
  59  18:43  Zergling x6  
  59  18:51  Queen  
  60  19:02  Overseer x3  
  59  19:03  Tunneling Claws  
  58  19:15  Drone  
  58  19:16  Drone x2  
  61  19:26  Queen  
  63  19:33  Drone  
  63  19:37  Corruptor x4  
  63  19:38  Corruptor  
  71  20:02  Drone x3  
Show
View Real Time Build Order
Export as new Build Order

Faust Zerg 

Build Orders: Hatch First, Swarm Host 

Get SALT Encoding   

  12  0:01  Drone  
  13  0:08  Drone  
  13  0:14  Extractor  
  13  0:16  Drone  
  15  0:23  Overlord  
  15  0:42  Drone x2  
  17  0:55  Hatchery  
  16  1:00  Drone  
  17  1:05  Extractor, Drone  
  17  1:28  Spawning Pool  
  17  1:29  Drone x2  
  17  1:31  Drone  
  19  1:50  Overlord  
  19  2:15  Queen x2  
  21  2:16  Zergling x6  
  21  2:18  Metabolic Boost  
  26  2:29  Zergling x2  
  27  2:38  Zergling x8  
  27  2:42  Drone  
  32  2:50  Overlord  
  32  2:57  Overlord  
  32  3:10  Zergling x2  
  32  3:11  Zergling x4  
  32  3:27  Drone x3  
  32  3:28  Drone x5  
  40  3:37  Overlord  
  40  3:45  Lair  
  40  3:51  Drone x3  
  43  4:08  Drone x4  
  47  4:16  Hatchery  
  39  4:28  Drone  
  39  4:31  Spore Crawler  
  39  4:33  Spore Crawler  
  39  4:37  Drone  
  38  4:42  Drone x2  
  38  4:43  Drone x3  
  43  4:50  Drone  
  44  4:54  Hydralisk Den  
  44  4:58  Evolution Chamber  
  42  5:00  Drone x3  
  42  5:01  Evolution Chamber  
  42  5:04  Queen  
  46  5:07  Extractor, Drone x2  
  46  5:08  Extractor, Drone, Overlord  
  46  5:11  Drone  
  48  5:15  Drone  
  49  5:27  Drone x2  
  51  5:30  Drone  
  51  5:35  Zerg Ground Armor Level 1, Zerg Missile Weapons Level 1  
  52  5:38  Extractor  
  52  5:41  Drone  
  52  5:42  Hydralisk x3  
  58  5:44  Zergling x2  
  59  6:02  Drone x4  
  59  6:03  Drone x5, Overlord x2  
  68  6:15  Muscular Augments  
  68  6:21  Drone x3  
  68  6:24  Overlord x2  
  71  6:41  Baneling Nest  
  71  6:46  Hydralisk x5  
  76  7:27  Grooved Spines  
  76  7:28  Drone x4  
  76  7:29  Drone x2  
  78  7:40  Overlord x2  
  78  7:51  Overlord  
  78  8:02  Infestation Pit  
  78  8:05  Overseer  
  67  8:20  Zerg Ground Armor Level 2, Zerg Missile Weapons Level 2  
  67  8:24  Zergling x2  
  67  8:25  Zergling x24  
  80  8:32  Hatchery  
  79  8:37  Nydus Network  
  74  8:56  Hive  
  74  9:00  Drone  
  75  9:05  Spore Crawler  
  74  9:10  Overlord x3  
  74  9:11  Overlord, Hydralisk x7  
  88  9:23  Hatchery  
  87  9:32  Swarm Host x2  
  87  9:34  Overlord x2  
  87  9:35  Drone  
  87  9:36  Drone x2  
  96  10:04  Swarm Host x4  
  108  10:47  Spore Crawler  
  108  10:48  Overseer  
  107  11:12  Nydus Canal  
  94  11:33  Hydralisk x11  
  94  11:34  Hydralisk x6  
  94  11:37  Overlord  
  94  11:38  Overlord  
  114  11:55  Zerg Missile Weapons Level 3  
  112  12:38  Hatchery  
  111  13:19  Burrow  
  111  13:27  Hatchery  
  102  13:57  Hydralisk  
  102  13:58  Hydralisk x13  
  128  14:16  Hydralisk  
  128  14:17  Hydralisk x2  
  134  14:35  Hydralisk  
  134  14:36  Hydralisk x3  
  142  14:58  Drone  
  142  14:59  Queen, Drone x9  
  154  15:02  Spore Crawler, Drone  
  154  15:36  Spine Crawler x2  
  154  15:37  Spine Crawler  
  154  15:38  Drone x5  
  154  15:40  Spore Crawler  
  155  15:44  Spore Crawler  
  114  16:10  Hydralisk x14  
  114  16:11  Hydralisk  
  142  16:24  Drone x3  
  145  16:33  Extractor, Hatchery  
  145  16:35  Extractor  
  130  17:11  Drone  
  130  17:12  Drone x6  
  137  17:28  Zergling x22  
  137  17:29  Zergling x6  
  137  17:57  Queen  
  139  17:59  Extractor, Drone x3  
  139  18:00  Drone x3  
  139  18:01  Extractor  
  139  18:03  Zerg Melee Weapons Level 1  
  143  18:12  Spire  
  143  18:16  Lurker Den  
  141  18:27  Zergling x2  
  141  18:28  Zergling x22  
  151  18:53  Pneumatized Carapace  
  151  18:56  Overseer  
  121  19:31  Corruptor  
  121  19:32  Corruptor x15  
  121  19:55  Hydralisk Den  
  121  19:57  Spawning Pool  
  117  20:00  Zergling x6  
  117  20:01  Zergling x16  
  114  20:16  Zergling x2  
  114  20:17  Zergling x18  
Show
View Real Time Build Order
Export as new Build Order

pooder Protoss - Winner!

Build Orders:  

Get SALT Encoding   

  12  0:01  Probe  
  13  0:13  Probe  
  14  0:21  Pylon  
  15  0:28  Probe  
  15  0:40  Probe  
  16  0:48  Gateway  
  16  0:53  Assimilator  
  16  1:14  Probe  
  17  1:21  Pylon  
  17  1:22  Probe  
  17  1:31  Probe  
  18  1:35  Assimilator  
  19  1:43  Probe  
  19  1:44  Pylon  
  20  1:49  Cybernetics Core  
  20  1:50  Zealot  
  22  1:54  Probe  
  23  2:02  Probe  
  24  2:27  Warp Gate  
  24  2:31  Stalker  
  26  2:42  Nexus  
  26  2:51  Pylon  
  26  3:08  Probe  
  27  3:16  Stalker  
  29  3:20  Probe  
  30  3:38  Robotics Facility  
  30  3:40  Gateway  
  30  3:42  Gateway  
  30  3:43  Gateway  
  30  3:57  Shield Battery  
  30  3:59  Pylon  
  30  4:07  Twilight Council  
  30  4:12  Probe x2  
  32  4:24  Probe  
  33  4:35  Adept  
  35  4:45  Charge  
  35  4:50  Probe x2  
  35  4:52  Dark Shrine  
  35  4:58  Probe x2  
  39  5:07  Probe  
  39  5:08  Adept  
  39  5:09  Adept  
  45  5:14  Observer  
  45  5:25  Pylon  
  45  5:27  Pylon  
  45  5:31  Probe x2  
  45  5:32  Forge  
  47  5:36  Assimilator  
  47  5:41  Assimilator  
  47  5:57  Stalker x2  
  47  5:58  Stalker  
  53  6:04  Warp Prism  
  53  6:10  Probe x2  
  57  6:22  Probe  
  58  6:42  Dark Templar x4  
  66  7:20  Pylon x2  
  66  7:22  Pylon  
  66  7:24  Dark Templar x2  
  62  7:51  Protoss Ground Weapons Level 1, Dark Templar  
  62  7:52  Dark Templar  
  66  7:58  Stalker  
  66  7:59  Stalker  
  66  8:01  Immortal  
  66  8:05  Probe x2  
  74  8:06  Robotics Bay  
  76  8:13  Probe  
  76  8:14  Probe  
  78  8:23  Probe x2  
  79  8:35  Probe  
  80  8:53  Colossus  
  76  8:57  Blink  
  76  8:59  Stalker  
  76  9:00  Stalker x3  
  86  9:26  Extended Thermal Lance  
  86  9:36  Nexus  
  86  9:39  Pylon  
  86  9:41  Pylon  
  86  9:45  Pylon  
  86  10:01  Dark Templar x2, Protoss Ground Weapons Level 2  
  86  10:02  Dark Templar  
  92  10:17  Colossus  
  98  10:26  Robotics Facility  
  98  10:37  Stalker x4  
  106  11:01  Zealot x4  
  110  11:34  Colossus x2  
  118  12:10  Dark Templar x2  
  118  12:11  Dark Templar  
  118  12:14  Probe  
  124  12:17  Probe x2  
  124  12:22  Probe  
  127  12:29  Probe x2  
  130  12:32  Probe  
  131  12:41  Probe x2  
  133  13:00  Pylon  
  133  13:02  Pylon  
  133  13:04  Pylon  
  133  13:06  Pylon  
  133  13:07  Pylon  
  133  13:08  Colossus  
  133  13:10  Pylon  
  133  13:11  Pylon  
  133  13:18  Colossus  
  107  14:02  Colossus  
  113  14:10  Colossus  
  113  14:11  Assimilator  
  113  14:14  Probe x3  
  113  14:16  Assimilator  
  122  14:26  Probe x3  
  117  14:44  Nexus, Protoss Ground Weapons Level 3  
  97  14:46  Colossus  
  97  14:52  Pylon x2  
  89  15:27  Stalker x3  
  89  15:28  Stalker  
  85  15:35  Gateway  
  85  15:37  Gateway  
  85  15:38  Gateway  
  85  15:42  Gateway  
  85  15:43  Gateway  
  85  16:04  Assimilator  
  85  16:08  Photon Cannon  
  85  16:11  Photon Cannon  
  85  16:12  Photon Cannon  
  85  16:15  Photon Cannon x2, Immortal  
  85  16:17  Photon Cannon  
  85  16:23  Observer, Photon Cannon  
  85  16:25  Photon Cannon x2  
  93  16:26  Photon Cannon  
  93  16:28  Photon Cannon  
  90  16:32  Photon Cannon  
  90  16:36  Photon Cannon, Zealot  
  90  16:37  Zealot x6  
  104  16:41  Observer  
  105  17:02  Observer, Stalker x5  
  105  17:03  Stalker x4  
  110  17:18  Immortal  
  114  17:24  Observer, Templar Archives  
  114  17:28  Dark Templar x5  
  125  17:57  Immortal  
  129  18:19  Zealot x5  
  139  18:20  Zealot x4  
  143  19:02  Zealot  
  145  19:03  Zealot x7  
  145  19:04  Zealot  
  157  19:14  Warp Prism  
  157  19:16  Immortal  
  119  19:55  Immortal  
  110  20:18  Zealot x5  
  110  20:19  Zealot x4  
Show
View Real Time Build Order
Export as new Build Order

roofus Terran - Winner!

Build Orders: Mech 

Get SALT Encoding   

  12  0:01  SCV  
  13  0:14  Supply Depot  
  13  0:19  SCV  
  14  0:33  Refinery  
  14  0:34  Refinery  
  14  0:48  Barracks  
  14  0:54  SCV  
  15  1:09  Barracks  
  15  1:12  SCV  
  16  1:24  SCV  
  17  1:28  Supply Depot  
  17  1:49  Factory  
  17  1:50  SCV  
  18  1:56  Marine  
  19  2:01  Barracks Tech Lab  
  20  2:10  Orbital Command  
  19  2:15  Barracks Reactor  
  19  2:37  Marine  
  19  2:42  Starport  
  20  2:48  Factory Tech Lab  
  20  2:54  Marine  
  20  2:55  Marine  
  20  2:57  SCV  
  23  3:09  SCV  
  24  3:14  Siege Tank  
  27  3:27  Marine x2  
  27  3:30  Starport Reactor  
  29  3:41  Marine  
  29  3:45  Marine  
  31  3:49  Command Center  
  31  4:01  Siege Tank  
  31  4:02  Supply Depot, SCV  
  35  4:07  Medivac  
  37  4:15  Marine  
  37  4:17  Marine  
  38  4:23  Marine  
  40  4:33  Marine, Medivac  
  40  4:34  Marine  
  44  4:46  SCV  
  45  4:54  Marine  
  45  4:55  Marine  
  47  5:01  SCV  
  47  5:05  Supply Depot  
  48  5:11  Stimpack  
  48  5:13  SCV  
  49  5:15  Marine  
  49  5:16  Marine  
  51  5:22  Orbital Command  
  51  5:25  SCV  
  52  5:40  Marine  
  53  6:04  Marine  
  53  6:05  Marine x2  
  56  6:22  Marine x3  
  59  6:40  Marine x3  
  62  6:48  Siege Tank  
  65  6:58  Marine x3  
  68  7:20  Siege Tank  
  61  7:27  Marine x3  
  57  7:45  Marine x3  
  57  7:48  Factory  
  60  7:52  Siege Tank  
  60  7:53  Factory  
  60  7:55  Combat Shield  
  63  8:00  Barracks  
  63  8:02  Engineering Bay  
  63  8:03  Marine x3  
  66  8:11  SCV  
  67  8:17  Refinery  
  67  8:21  Marine x3  
  70  8:35  Factory Reactor  
  70  8:56  Barracks Reactor, Command Center  
  70  9:09  Marine x3, SCV, Medivac x2  
  78  9:11  Supply Depot  
  78  9:33  Marine x3, SCV, Siege Tank  
  78  9:35  Supply Depot  
  85  9:42  Terran Infantry Weapons Level 1  
  85  9:45  SCV  
  86  9:56  Liberator x2  
  86  9:57  SCV  
  93  10:00  Supply Depot  
  93  10:08  Hellion  
  95  10:23  Supply Depot  
  95  10:30  Hellion  
  96  10:39  Medivac x2  
  99  10:51  Hellion  
  99  11:02  Marine x5  
  87  11:09  Medivac x2, Hellion x2  
  95  11:12  Hellion  
  97  11:31  Hellion x2  
  101  11:36  Terran Infantry Armor Level 1  
  101  11:39  Armory  
  101  12:03  Medivac  
  101  12:07  Viking  
  105  12:11  Command Center  
  105  12:33  Viking  
  105  12:37  Viking  
  60  14:03  Marine x3  
  60  14:04  Marine x2  
  60  14:08  Siege Tank  
  62  14:20  Terran Infantry Weapons Level 2  
  62  14:21  Marine x4  
  62  14:22  Marine  
  65  14:39  Marine x5  
  65  14:40  Siege Tank  
  61  14:57  Marine x5  
  66  15:04  SCV  
  67  15:12  Siege Tank  
  70  15:14  Marine x2  
  70  15:15  Marine x3  
  70  15:16  SCV  
  76  15:28  SCV  
  76  15:32  Marine x2  
  76  15:33  Marine  
  80  15:40  Viking x2  
  80  15:41  SCV  
  85  15:44  Terran Vehicle Weapons Level 1, Siege Tank  
  66  16:10  Viking  
  62  16:16  Siege Tank  
  65  16:36  Terran Infantry Armor Level 2  
  65  16:41  Refinery  
  65  16:43  Marine x4  
  65  16:44  Marine  
  70  16:48  Command Center  
  70  16:49  Siege Tank  
  73  17:01  Marine x4  
  73  17:02  Marine  
  78  17:19  Medivac  
  78  17:21  Siege Tank  
  68  17:39  Terran Ship Weapons Level 1  
  54  18:06  Marine x5  
  57  18:17  Siege Tank  
  60  18:24  Marine x5  
  60  18:25  Refinery  
  65  18:29  SCV  
  66  18:41  Marine, SCV  
  67  18:42  Marine x4  
  72  18:49  Siege Tank  
  72  18:51  Refinery  
  72  18:53  SCV  
  76  19:05  SCV  
  77  19:17  SCV  
  78  19:57  Marine  
  78  19:58  Marine x4  
  83  20:00  Siege Tank  
  86  20:15  Marine x3  
  86  20:16  Marine  
  86  20:19  Marine  
Tags
 
Add a new tag
Caveats
  • Supply blocks, unpowered buildings, or Contaminate may cause inaccurate times.
  • Supply counts are checked every 10 seconds.